 Dungeon Crawl Stone Soup version 0.26-a0-652-gafc20e3620 (console) character file.

Game seed: 9723326304737305839

422 om the Chopper (level 6, -3/55 HPs)
             Began as a Hill Orc Fighter on Oct 2, 2020.
             Killed by nerve-wracking pain
             ... invoked by Grinder
              (14 damage)
             ... on level 3 of the Dungeon.
             The game lasted 00:03:14 (2679 turns).

om the Chopper (Hill Orc Fighter)                   Turns: 2679, Time: 00:03:14

Health: -3/55      AC:  9    Str: 21    XL:     6   Next: 95%
Magic:  6/6        EV:  6    Int: 14    God:
Gold:   175        SH:  9    Dex: 10    Spells: 5/5 levels left

rFire    . . .     SeeInvis .   a - +0 war axe
rCold    + . .     Faith    .   c - +0 kite shield
rNeg     . . .     Spirit   .   f - +0 chain mail {rPois}
rPois    +         Reflect  .   (no helmet)
rElec    .         Harm     .   (no cloak)
rCorr    .         Rampage  .   (no gloves)
MR       .....                  (no boots)
Stlth    ..........             (no amulet)
HPRegen  0.18/turn              l - ring of protection from cold
MPRegen  0.10/turn              q - +6 ring of intelligence

@: no status effects
A: no striking features
a: no special abilities


You were on level 3 of the Dungeon.
You visited 1 branch of the dungeon, and saw 3 of its levels.

You collected 175 gold pieces.

Inventory:

Hand Weapons
 a - a +0 war axe (weapon)
Armour
 c - a +0 kite shield (worn)
 f - a +0 chain mail of poison resistance (worn)
Jewellery
 l - a ring of protection from cold (left hand)
 q - a +6 ring of intelligence (right hand)
Scrolls
 b - a scroll of blinking {unknown}
 e - 2 scrolls of identify {unknown}
 i - 4 scrolls of teleportation {unknown}
 m - a scroll of noise {unknown}
 n - 4 scrolls of remove curse {unknown}
 o - 2 scrolls of enchant armour {unknown}
 p - a scroll of amnesia {unknown}
Potions
 g - 3 potions of cancellation {unknown}
 h - a potion of brilliance {unknown}
 j - a potion of stabbing {unknown}
 k - a potion of haste {unknown}
 r - a potion of flight {unknown}
 s - a potion of curing {unknown}
 t - a potion of degeneration {unknown}


   Skills:
 + Level 4.8 Fighting
 * Level 5.5 Axes
 + Level 4.2 Armour
 * Level 2.8 Dodging
 + Level 4.2 Shields


You had 5 spell levels left.
You didn't know any spells.
Your spell library was empty.

Dungeon Overview and Level Annotations

Branches:
Dungeon (3/15)

Altars:
Wu Jian

Annotations:
D:3 Grinder


Message History

Grinder hits you but does no damage.
You are too injured to fight recklessly!
Unknown command.
You are too injured to fight recklessly!
You slash Grinder!
Grinder is severely wounded.
Grinder closely misses you.
Unknown command.
Your chain mail prevents you from hitting Grinder.
Grinder is severely wounded.
Grinder hits you.
* * * LOW HITPOINT WARNING * * *
You writhe in agony.
* * * LOW HITPOINT WARNING * * *
You block Grinder's attack.
You hit Grinder.
Grinder is severely wounded.
Grinder gestures at you. Pain shoots through your body!
You die...

##...##.#####.#
#.##...# # #.#...##
######.#...###
.............#
####.......<# #
#........# #..
#####..#....##
.....#..(...#....#
.......5...##....#
.....###@..#.....##
.... #..........#
.###.###..##.....##
.g.55..)..# #...##
###### .###...##.#
#.#......... #...
.... .[.........
#.## #.##.#
########## ... ..#
# ### ### # ##


You could see Grinder.

Vanquished Creatures
  Sigmund (D:2)
  Ijyb (D:3)
  Terence (D:2)
  Natasha (D:3)
  Robin (D:3)
  4 gnolls (D:3)
  6 adders
  2 worms (D:3)
  2 dart slugs
  2 leopard geckos
  An orc (D:3)
  6 bats
  3 giant cockroaches
  17 goblins
  12 hobgoblins
  4 jackals (D:2)
  2 ball pythons
  6 frilled lizards
  9 kobolds
  10 rats
91 creatures vanquished.

Notes
Turn   | Place    | Note
-------+----------+-------------------------------------------
     0 | D:1      | om the Hill Orc Fighter began the quest for the Orb.
     0 | D:1      | Reached XP level 1. HP: 19/19 MP: 1/1
   132 | D:1      | Reached skill level 3 in Axes
   132 | D:1      | Reached XP level 2. HP: 26/27 MP: 2/2
   513 | D:1      | Reached skill level 1 in Dodging
  1039 | D:2      | Reached XP level 3. HP: 33/33 MP: 3/3
  1187 | D:2      | Noticed Sigmund
  1198 | D:2      | Killed Sigmund
  1198 | D:2      | Reached skill level 4 in Axes
  1198 | D:2      | Reached XP level 4. HP: 22/41 MP: 4/4
  1198 | D:2      | Reached XP level 5. HP: 25/47 MP: 5/5
  1461 | D:2      | Noticed Terence
  1473 | D:2      | Killed Terence
  1473 | D:2      | Reached XP level 6. HP: 52/53 MP: 6/6
  1494 | D:2      | Found a faded altar of an unknown god.
  1516 | D:2      | Found an ornate altar of the Wu Jian Council.
  2024 | D:3      | Noticed Robin
  2033 | D:3      | Noticed Ijyb
  2065 | D:3      | Killed Ijyb
  2065 | D:3      | Reached skill level 5 in Axes
  2292 | D:3      | Killed Robin
  2640 | D:3      | Noticed Natasha
  2641 | D:3      | Noticed Grinder
  2648 | D:3      | Killed Natasha
  2661 | D:3      | Paralysed by Grinder for 2 turns
  2668 | D:3      | Paralysed by Grinder for 2 turns
  2679 | D:3      | Killed from afar by Grinder

Illustrated notes

Levels and vault maps discovered:
D:1:      mrwooster_arrival_statue_2, layout_basic, minmay_pentomino_p2
D:2:      layout_basic, lemuel_crystal_altar, chequers_ecumenical_altar_simple,
          uniq_terence, uniq_sigmund
D:3:      layout_loops_ring, st_stairs_4, hangedman_abyss_or_decor_stabs,
          uniq_robin, uniq_grinder, uniq_natasha, uniq_ijyb

Skill      XL: |  1  2  3  4  5  6 |
---------------+-------------------+-----
Axes           | 3 4 5 |  5.5
Dodging        | 1 2 |  2.8
Fighting       | 4 |  4.8
Armour         | 4 |  4.2
Shields        | 4 |  4.2

Action                   |  1- 3 |  4- 6 || total
-------------------------+-------+-------++-------
Melee: War axe           |    81 |   178 ||   259
  Use: Potion            |     1 |     1 ||     2
Armor: Scale mail        |     6 |       ||     6
       Chain mail        |    27 |    89 ||   116
Dodge: Dodged            |    22 |    52 ||    74
Block: Kite shield       |    39 |    94 ||   133

Table legend: (Time is in decaauts)
 A = Elapsed time spent in this place.
 B = Non-inter-level travel time spent in this place.
 C = Inter-level travel time spent in this place.
 D = Time resting spent in this place.
 E = Time spent auto-exploring this place.
 F = Levels seen in this place.
 G = Mean time per level.
                   A        B        C        D        E       F      G
               +--------+--------+--------+--------+--------+-----+--------+
         Total |   2771 |   2688 |     83 |    231 |   1847 |   3 |  923.7 |
       Dungeon |   2771 |   2688 |     83 |    231 |   1847 |   3 |  923.7 |
               +--------+--------+--------+--------+--------+-----+--------+

Top non-repeatable levels by time:
     D:2: 1222 daAuts
     D:1: 1060 daAuts
     D:3: 488 daAuts
